 Dungeon Crawl Stone Soup version 0.24.1 (webtiles) character file.

Game seed: 6770002093341299120, levelgen mode: deterministic

58 Destapler the Insei (level 4, -1/28 HPs)
             Began as an Octopode Transmuter on Mar 30, 2020.
             Slain by an adder (4 damage)
             ... on level 3 of the Dungeon.
             The game lasted 00:08:31 (955 turns).

Destapler the Insei (Octopode Transmuter)            Turns: 955, Time: 00:08:32

Health: -1/28      AC:  1    Str:  9    XL:     4   Next: 2%
Magic:  1/7        EV: 13    Int: 15    God:
Gold:   100        SH:  0    Dex: 13    Spells: 1/7 levels left

rFire    . . .     SeeInvis .     - Unarmed
rCold    . . .     Gourm    .   (no shield)
rNeg     . . .     Faith    .   (helmet restricted)
rPois    .         Spirit   .   (no amulet)
rElec    .         Reflect  .   (no ring)
rCorr    .         Harm     .   (no ring)
MR       .....                  (no ring)
Stlth    ++........             (no ring)
HPRegen  0.09/turn              (no ring)
MPRegen  0.10/turn              (no ring)
                                (no ring)
                                (no ring)

@: no status effects
A: almost no armour, stealthy swim, amphibious, 8 rings, constrict 8, camouflage
1, gelatinous body 1
a: no special abilities


You were on level 3 of the Dungeon.
You were not hungry.

You visited 1 branch of the dungeon, and saw 3 of its levels.

You collected 100 gold pieces.

Inventory:

Missiles
 a - 28 arrows
 h - 65 stones (quivered)
 m - a throwing net
Scrolls
 b - a scroll of random uselessness {unknown}
 k - a scroll of immolation {unknown}
 l - a scroll of teleportation {unknown}
 n - a scroll of noise {unknown}
Potions
 d - a potion of mutation {unknown}
 e - a potion of curing
 f - a potion of magic {unknown}
 i - a potion of haste {unknown}
 j - 2 potions of heal wounds {unknown}
Comestibles
 c - 2 rations
 g - 3 chunks of flesh


   Skills:
 - Level 1.0 Fighting
 - Level 2.0 Dodging
 + Level 4.0 Unarmed Combat
 - Level 2.0 Spellcasting
 - Level 3.0 Transmutations
 + Level 1.2 Poison Magic


You had one spell level left.
You knew the following spells:

 Your Spells              Type           Power        Failure   Level  Hunger
a - Beastly Appendage     Tmut           ##....       6%          1    #......
b - Spider Form           Tmut/Pois      #.........   28%         3    ###....
s - Sticks to Snakes      Tmut           ##......     10%         2    ###....

Your spell library contained the following spells:

 Spells                   Type           Power        Failure   Level  Hunger
 Ice Form                 Ice/Tmut       #.......     75%         4    #####..
 Blade Hands              Tmut           ##........   87%         5    ######.


Dungeon Overview and Level Annotations

Branches:
Dungeon (3/15)

Altars:
Gozag
Qazlal


Innate Abilities, Weirdness & Mutations

You cannot wear most types of armour.
You are very stealthy in the water. (Stealth+)
You are amphibious.
You can wear up to eight rings at the same time.
You can use your tentacles to constrict eight enemies at once.
Your skin changes colour to match your surroundings (Stealth+).
Your rubbery body absorbs attacks. (AC +1, EV +1)


Message History

You constrict the kobold. The kobold hits you with a +0 dagger.
* * * LOW HITPOINT WARNING * * *
You tentacle-slap the kobold.
You kill the kobold!
An orc comes into view. It is wielding a +0 club.
Things that are here:
a +0 scale mail; a +0 short sword; an orc corpse You see here 4 stones.
Casting: Spider Form (safe; 28% risk of failure)
Confirm with . or Enter, or press ? or * to list all spells.
You create a snake!
You now have 28 arrows.
The adder bites you.
* * * LOW HITPOINT WARNING * * *
You miss the adder. Your grab misses the adder. Your squeeze misses the adder.
The adder closely misses you. The adder barely misses you.
You closely miss the adder. Your grab misses the adder.
Your ball python closely misses the adder.
Your ball python barely misses the adder.
The adder completely misses you.
You miss the adder. Your grab misses the adder. The adder bites you.
You die...

...'.._###.####
##.###.###....# #.# #.#
#....# #.###+###....#
.#............#############
................#......$..#
#####.###.....#.#.........#
#..##.......>S........#
####........##@S.........
#...##..#######).........
#.#...<.....# #...)...... #
##.............##......
#..#............ ####.
...........#.....#
#.#.#..##.^........
#..#.#.## #.......... . #
#. ##..........


You could see an adder and a friendly ball python.

Vanquished Creatures
  An ooze (D:2)
  A dart slug (D:1)
  A leopard gecko (D:1)
  3 orcs (D:3)
  A ball python (D:2)
  2 bats (D:2)
  A giant cockroach (D:2)
  6 goblins
  6 hobgoblins
  A jackal (D:2)
  A frilled lizard (D:2)
  4 kobolds
  3 rats
31 creatures vanquished.

Vanquished Creatures (collateral kills)
  2 adders
  A jackal (D:2)
3 creatures vanquished.

Grand Total: 34 creatures vanquished

Notes
Turn   | Place    | Note
-------+----------+-------------------------------------------
     0 | D:1      | Destapler the Octopode Transmuter began the quest for the
                  | Orb.
     0 | D:1      | Reached XP level 1. HP: 13/13 MP: 3/3
   224 | D:1      | Reached XP level 2. HP: 13/18 MP: 5/5
   437 | D:2      | Learned a level 2 spell: Sticks to Snakes
   541 | D:2      | Reached XP level 3. HP: 21/23 MP: 3/6
   639 | D:2      | Learned a level 3 spell: Spider Form
   773 | D:2      | Found a stormy altar of Qazlal.
   880 | D:3      | Found an opulent altar of Gozag.
   939 | D:3      | Reached skill level 1 in Poison Magic
   943 | D:3      | Reached skill level 4 in Unarmed Combat
   943 | D:3      | Reached XP level 4. HP: 10/28 MP: 2/7
   955 | D:3      | Slain by an adder

Levels and vault maps discovered:
D:1:      mrwooster_arrival_arrow, layout_basic
D:2:      layout_rooms, grunt_qazlal_clouds
D:3:      layout_rooms, lemuel_doored_altar, chequers_ecumenical_altar_lobes,
          ashenzari_altar_1

Skill      XL: |  1  2  3 |
---------------+----------+-----
Transmutations | 3 |  3.0
Poison Magic   | 1 |  1.2
Unarmed Combat | 4 |  4.0
Fighting       | |  1.0
Dodging        | |  2.0
Spellcasting   | |  2.0

Action                   |  1- 3 |  4- 6 || total
-------------------------+-------+-------++-------
Melee: Unarmed           |    72 |     5 ||    77
       Constrict         |    18 |     1 ||    19
       Tentacles         |     8 |     1 ||     9
       Kick              |     6 |       ||     6
       Punch             |     1 |       ||     1
 Cast: Beastly Appendage |    13 |       ||    13
       Sticks to Snakes  |     5 |     1 ||     6
       Spider Form       |     1 |       ||     1
  Use: Potion            |     1 |       ||     1
 Stab: Sleeping          |     6 |       ||     6
  Eat: Chunk             |     1 |       ||     1
Armor: Skin              |     6 |       ||     6
Dodge: Dodged            |    53 |     5 ||    58
